 Dungeon Crawl Stone Soup version 0.28-a0-422-gd71735cc25 (webtiles) character file.

Game seed: 12611432298352895497

27563 hatdisgam the Purifying Ant (level 13, -11/98 HPs)
             Began as a Formicid Fighter on Sept 8, 2021.
             Was a High Priest of Elyvilon.
             Succumbed to a wolf spider's poison
             ... on level 6 of the Lair of Beasts on Sept 9, 2021.
             The game lasted 00:27:54 (19326 turns).

hatdisgam the Purifying Ant (Formicid Fighter)     Turns: 19326, Time: 00:27:56

Health: -11/98     AC: 14    Str: 25    XL:     13   Next: 66%
Magic:  17/24      EV: 13    Int:  9    God:    Elyvilon [*****.]
Gold:   970        SH:  4    Dex: 10    Spells: 12/12 levels left

rFire   + . .      SeeInvis +   a - +3 war axe (elec)
rCold   + . .      Faith    +   c - +0 buckler
rNeg    . . .      Spirit   .   F - +2 troll leather armour {Snorg}
rPois   .          Reflect  .   (helmet unavailable)
rElec   .          Harm     .   n - +2 cloak
rCorr   .          Rampage  .   R - +0 pair of gloves
Will    +....                   M - +1 pair of boots
Stlth   +.........              A - amulet of faith
HPRegen 1.26/turn               p - ring of protection from fire
MPRegen 0.19/turn               v - ring of protection from cold

@: lethally poisoned (-11 -> -84)
A: permanent stasis, dig shafts and tunnels, antennae 3, four strong arms
a: Dig, Shaft Self, Renounce Religion, Lesser Healing, Heal Other, Purification,
Greater Healing, Divine Vigour, Divine Protection


You were on level 6 of the Lair of Beasts.
You worshipped Elyvilon.
Elyvilon was extremely pleased with you.
You visited 2 branches of the dungeon, and saw 14 of its levels.
You also visited: Ice Cave.

You collected 1019 gold pieces.
You spent 49 gold pieces at shops.

Inventory:

Hand Weapons
 a - a +3 war axe of electrocution (weapon)
 b - a +0 arbalest
 l - a +0 war axe
 q - a +4 whip
 D - a +2 vorpal spear
 J - a +4 war axe
 K - a +0 vorpal battleaxe
Missiles
 x - 2 throwing nets
 N - 68 bolts
Armour
 c - a +0 buckler (worn)
 n - a +2 cloak (worn)
 r - a +0 plate armour
 F - a +2 troll leather armour (worn) {Snorg}
 H - a +0 cloak
 I - a +0 scale mail
 M - a +1 pair of boots (worn)
 R - a +0 pair of gloves (worn)
Jewellery
 p - a ring of protection from fire (left hand)
 v - a ring of protection from cold (right hand)
 w - a ring of flight
 A - an amulet of faith (around neck)
 P - a ring of positive energy
 Q - an amulet of reflection
Wands
 y - a wand of mindburst (13)
 E - a wand of iceblast (10)
 G - a wand of flame (13)
 O - a wand of polymorph (5)
Scrolls
 e - 9 scrolls of identify {unknown}
 i - a scroll of brand weapon
 j - a scroll of immolation {unknown}
 m - 3 scrolls of enchant weapon
 u - 2 scrolls of enchant armour
 S - a scroll of magic mapping {unknown}
 T - a scroll of blinking {unknown}
 U - a scroll of amnesia
Potions
 d - 2 potions of degeneration {unknown}
 f - 3 potions of lignification
 g - 2 potions of attraction
 h - 2 potions of flight {unknown}
 k - 4 potions of brilliance {unknown}
 o - a potion of experience {unknown}
 s - a potion of magic {unknown}
 t - 3 potions of curing
 z - a potion of invisibility {unknown}
 L - 7 potions of ambrosia
 V - a potion of haste {unknown}


   Skills:
 - Level 7.7 Fighting
 * Level 14.2 Axes
 - Level 2.0 Throwing
 - Level 7.0 Armour
 + Level 5.3 Dodging
 - Level 3.6 Shields
 + Level 15.0 Invocations


You had 12 spell levels left.
You didn't know any spells.
Your spell library contained the following spells:

 Spells                   Type           Power      Damage    Failure   Level
 Foxfire                  Conj/Fire      0%         2x1d4     41%         1
 Sting                    Tmut/Pois      0%         1d3       41%         1
 Passwall                 Tmut/Erth      0%         N/A       56%         2
 Poisonous Vapours        Pois/Air       0%         N/A       56%         2
 Conjure Flame            Conj/Fire      0%         6-21      80%         3
 Inner Flame              Hex/Fire       0%         N/A       80%         3
 Lesser Beckoning         Tloc           0%         N/A       80%         3
 Airstrike                Air            0%         N/A       99%         4
 Flame Wave               Conj/Fire      0%         3d3       99%         4
 Olgreb's Toxic Radiance  Pois           0%         N/A       99%         4
 Summon Lightning Spire   Summ/Air       0%         N/A       99%         4
 Freezing Cloud           Conj/Ice/Air   0%         6-21      100%        5
 Lightning Bolt           Conj/Air       0%         1d11      100%        5
 Manifold Assault         Tloc           0%         N/A       100%        5
 Invisibility             Hex            0%         N/A       100%        6
 Simulacrum               Ice/Necr       0%         N/A       100%        6
 Polar Vortex             Ice            0%         N/A       100%        9
 Blink                    Tloc           Unusable   N/A       N/A         2
 Swiftness                Air            Unusable   N/A       N/A         3

Dungeon Overview and Level Annotations

Branches:
Dungeon (8/15)             Temple (0/1) D:6            Lair (6/6) D:8
  Swamp (0/4) Lair:2        Snake (0/4) Lair:2        Slime (0/5) Lair:5
  IceCv (visited)

Altars:
Elyvilon
Hepliaklqana
Nemelex Xobeh
Okawaru
Qazlal
Yredelemnul
Zin
Jiyva

Shops:
D:6 [?

Annotations:
Lair:3 2 runed translucent doors


Innate Abilities, Weirdness & Mutations

You cannot be hasted, slowed, berserked, paralysed or teleported.
You can dig through walls and to a lower floor.
You have a pair of large antennae on your head. (SInv)
Your four strong arms can wield two-handed weapons with a shield.


Message History

The black mamba bites you but does no damage. x2
A water moccasin comes into view.
Press: ? - help, Dir - move target, f/p - black mamba Heal: a black mamba (moderately wounded, chance to pacify: 89%)
You are healed.
You feel very sick.
The cane toad gives a loud, deep croak!
The water moccasin hisses angrily.
You hear a howl!
The black mamba bites you but does no damage.
The black mamba bites you.
You are more poisoned.
The black mamba poisons you! The wolf spider hits you!
* * * LOW HITPOINT WARNING * * *
The wolf spider barely misses you. You block the black mamba's attack.
The black mamba bites you!
* * * LOW HITPOINT WARNING * * *
You are more poisoned.
The black mamba poisons you!
You feel much better.
You feel extremely sick. The wolf spider barely misses you.
The wolf spider bites you.
You are more poisoned.
The wolf spider poisons you! The black mamba bites you!
* * * LOW HITPOINT WARNING * * *
The black mamba bites you but does no damage.
You block the wolf spider's attack. The wolf spider bites you.
* * * LOW HITPOINT WARNING * * *
The black mamba bites you but does no damage.
The black mamba bites you.
* * * LOW HITPOINT WARNING * * *
Unknown command.
Okay, then.
As you read the scroll of fear, it crumbles to dust.
You assume a fearsome visage.
The black mamba looks frightened!
The hornet looks frightened!
The black mamba looks frightened!
The cane toad looks frightened!
The plant is unaffected.
The wolf spider looks frightened!
The plant is unaffected.
The fungus is unaffected.
The plant is unaffected. x2
The water moccasin looks frightened!
You die...

......# .P #.......#
... #.......##F#
###..........#.
#....#....y....
##....##.....S..
#######.P.....S.....P.
#.............@S.P#.
#.#............s...P..
#......###...#.......
#.....# #.#....#.....
##....รท###.......#....
#.....#.#.#...........
##...##...............
##....#...............
#..........####....#


You could see a wolf spider (fleeing), 2 black mambas, a cane toad (fleeing), a
hornet (fleeing) and a water moccasin (fleeing).

Vanquished Creatures
  Snorg (Lair:6)
  A two-headed ogre (D:8)
  9 elephants
  5 black mambas
  5 cane toads
  A rime drake (Lair:4)
  5 komodo dragons
  A meliai (Lair:5)
  A queen bee (Lair:5)
  Grinder (D:3)
  A polar bear (IceCv)
  3 blink frogs (Lair:1)
  Sigmund (D:3)
  7 wyverns
  A fire elemental (Lair:1)
  35 yaks
  A basilisk (Lair:1)
  A steam dragon (D:4)
  Grum (Lair:1)
  A death yak simulacrum (Lair:1)
  20 water moccasins
  Duvessa (D:4)
  A swamp drake (Lair:2)
  A hornet zombie (D:7)
  3 orc warriors (D:8)
  An ice beast (D:6)
  A sky beast (D:4)
  3 black bears
  3 ogres (D:5)
  3 necrophages
  11 wolves
  4 centaurs
  7 bullfrogs
  4 scorpions
  Dowan (D:4)
  A wyvern zombie (D:5)
  A cane toad simulacrum (Lair:1)
  2 wyvern skeletons
  17 killer bees (Lair:5)
  4 wights (D:8)
  A centaur zombie (D:8)
  2 hounds
  2 jellies (D:6)
  5 orc priests
  A centaur skeleton (D:5)
  3 iguanas
  A gnoll shaman (D:5)
  6 orc wizards
  A scorpion zombie (D:5)
  A wolf simulacrum (Lair:1)
  2 hound skeletons (D:4)
  2 howler monkey zombies (D:8)
  Robin (D:3)
  7 gnolls
  6 adders
  An adder skeleton (D:4)
  24 orcs
  6 endoplasms
  6 giant cockroaches
  13 goblins
  7 hobgoblins
  3 jackals (D:3)
  5 quokkas
  6 ball pythons
  8 bats
  3 frilled lizards
  3 kobolds
  10 rats
307 creatures vanquished.

Vanquished Creatures (collateral kills)
  A water moccasin (Lair:1)
1 creature vanquished.

Vanquished Creatures (others)
  A black mamba (Lair:2)
  A meliai (Lair:5)
  2 blink frogs (Lair:1)
  A water moccasin (Lair:2)
  4 killer bees (Lair:5)
  84 fungi
  86 plants
179 creatures vanquished.

Grand Total: 487 creatures vanquished

Notes
Turn   | Place    | Note
-------+----------+-------------------------------------------
     0 | D:1      | hatdisgam the Formicid Fighter began the quest for the Orb.
     0 | D:1      | Reached XP level 1. HP: 18/18 MP: 1/1
   194 | D:1      | Reached XP level 2. HP: 24/24 MP: 2/2
   450 | D:1      | Found a faded altar of an unknown god.
   571 | D:1      | Became a worshipper of Elyvilon the Healer
   571 | D:1      | Reached * piety under Elyvilon
   754 | D:2      | Found a glowing silver altar of Zin.
   793 | D:2      | Reached skill level 1 in Dodging
   807 | D:2      | Reached XP level 3. HP: 29/29 MP: 3/3
  1046 | D:2      | Reached ** piety under Elyvilon
  1113 | D:3      | Reached skill level 1 in Invocations
  1361 | D:3      | Found a hazy altar of Hepliaklqana.
  1522 | D:3      | Found a sparkling altar of Nemelex Xobeh.
  1526 | D:3      | Noticed Sigmund
  1526 | D:3      | Noticed Robin
  1548 | D:3      | Reached XP level 4. HP: 33/35 MP: 5/5
  1578 | D:3      | Killed Sigmund
  1579 | D:3      | Reached skill level 3 in Invocations
  1579 | D:3      | Reached XP level 5. HP: 21/41 MP: 5/7
  1579 | D:3      | Reached XP level 6. HP: 24/47 MP: 5/8
  1589 | D:3      | Killed Robin
  1852 | D:3      | Noticed Grinder
  1872 | D:3      | Killed Grinder
  1873 | D:3      | Reached skill level 4 in Invocations
  1873 | D:3      | Reached XP level 7. HP: 25/52 MP: 6/10
  2045 | D:3      | Found a basalt altar of Yredelemnul.
  2079 | D:3      | Reached skill level 5 in Axes
  2538 | D:4      | Noticed a water moccasin
  2551 | D:3      | You fall into a shaft and drop 1 floor!
  2562 | D:4      | Reached skill level 5 in Invocations
  2564 | D:4      | HP: 3/78 [poisoned by a scorpion]
  2682 | D:4      | Noticed a steam dragon
  2876 | D:3      | You fall into a shaft and drop 2 floors!
  2876 | D:5      | Entered Level 5 of the Dungeon
  2889 | D:5      | Reached XP level 8. HP: 19/58 MP: 10/12
  3100 | D:5      | Reached skill level 6 in Invocations
  3436 | D:5      | Identified the +1 robe of Grot {rF+ rN+ Dex+4}
  3971 | D:4      | Reached *** piety under Elyvilon
  4271 | D:4      | Reached skill level 7 in Invocations
  4399 | D:5      | Noticed Duvessa
  4399 | D:5      | Noticed Dowan
  4415 | D:4      | Killed Duvessa
  4420 | D:4      | Killed Dowan
  4554 | D:5      | Reached XP level 9. HP: 65/65 MP: 14/14
  4606 | D:5      | Found an iron altar of Okawaru.
  4638 | D:5      | Reached skill level 8 in Invocations
  4848 | D:5      | Found a stormy altar of Qazlal.
  5810 | D:6      | Reached skill level 9 in Invocations
  6108 | D:6      | Reached **** piety under Elyvilon
  6239 | D:6      | Found a staircase to the Ecumenical Temple.
  6513 | D:6      | Found Diusif's Magic Scroll Shoppe.
  6519 | D:6      | Bought a scroll of fear for 49 gold pieces
  6643 | D:6      | Found Qahost's Armour Shop.
  7025 | D:7      | Reached XP level 10. HP: 48/73 MP: 17/17
  7845 | D:8      | Reached skill level 10 in Invocations
  8143 | D:8      | Found a staircase to the Lair.
  8144 | D:8      | Noticed a komodo dragon
  8169 | D:8      | Killed a komodo dragon
  8170 | D:8      | Reached skill level 5 in Armour
  8891 | D:8      | Noticed a two-headed ogre
  8900 | D:8      | Killed a two-headed ogre
  8901 | D:8      | Reached skill level 11 in Invocations
  8956 | D:8      | Reached ***** piety under Elyvilon
  9727 | Lair:1   | Entered Level 1 of the Lair of Beasts
  9767 | Lair:1   | Reached skill level 10 in Axes
  9878 | Lair:1   | Found a frozen archway.
  9881 | Lair:1   | Noticed Grum
  9882 | Lair:1   | Reached XP level 11. HP: 46/78 MP: 19/19
  9896 | Lair:1   | Killed Grum
 10034 | IceCv    | Entered an ice cave
 10046 | IceCv    | HP: 3/78 [wolf (5)]
 10331 | IceCv    | Reached skill level 12 in Invocations
 10788 | Lair:1   | Reached skill level 5 in Dodging
 11252 | Lair:1   | Reached skill level 5 in Fighting
 12165 | Lair:1   | Reached skill level 13 in Invocations
 12611 | Lair:1   | Reached XP level 12. HP: 66/87 MP: 21/21
 13687 | Lair:2   | Found a staircase to the Snake Pit.
 13934 | Lair:2   | Found a staircase to the Swamp.
 14229 | Lair:3   | Reached skill level 1 in Throwing
 14627 | Lair:3   | Found a runed translucent door.
 14956 | Lair:3   | Found a runed translucent door.
 14958 | Lair:3   | Noticed a five-headed hydra
 15032 | Lair:3   | Reached skill level 14 in Invocations
 15160 | Lair:3   | Noticed a seven-headed hydra
 15164 | Lair:3   | Pacified a seven-headed hydra
 15774 | Lair:3   | Noticed a fire crab
 16417 | Lair:4   | Reached XP level 13. HP: 98/98 MP: 23/23
 16473 | Lair:4   | Reached ****** piety under Elyvilon
 16476 | Lair:4   | Noticed a six-headed hydra
 16486 | Lair:4   | Pacified a six-headed hydra
 17240 | Lair:5   | Noticed a five-headed hydra
 17244 | Lair:5   | Pacified a five-headed hydra
 17510 | Lair:5   | Noticed a five-headed hydra
 17511 | Lair:5   | Pacified a five-headed hydra
 18674 | Lair:5   | Found a viscous altar of Jiyva.
 18886 | Lair:5   | Found a staircase to the Slime Pits.
 18935 | Lair:6   | Entered Level 6 of the Lair of Beasts
 18940 | Lair:6   | Noticed Snorg
 18956 | Lair:6   | Killed Snorg
 19314 | Lair:6   | Reached skill level 15 in Invocations
 19326 | Lair:6   | Succumbed to a wolf spider's poison

Illustrated notes

Levels and vault maps discovered:
D:1:      mrwooster_arrival_statue_2, layout_loops_cross,
          hellmonk_ecumenical_altar_lost_god
D:2:      layout_rooms, basic_altar
D:3:      layout_basic, mainiacjoe_overflow_catch_the_wave,
          worldfamousw_hep_ancestral_shrine, portal_sewer_entry_b, uniq_grinder,
          uniq_robin, uniq_sigmund
D:4:      layout_cave_pools
D:5:      layout_rooms, mainiacjoe_overflow_small_starburst,
          mainiacjoe_overflow_cross_hatched, uniq_duvessa
D:6:      layout_layer_cave, minmay_temple_entry_gardened_gates, serial_shops,
          shop, kennysheep_mini_moat
D:7:      layout_layer_cave
D:8:      layout_loops_corners, david_lair_shrubbed
Lair:1:   layout_gridlike, portal_ice_cave_entry_ice_simulacra, uniq_grum
Lair:2:   layout_regular_city, minmay_swamp_entry_reptiles,
          minmay_snake_entry_six_corridors, grunt_megastairs_4,
          infiniplex_staircase_pool
Lair:3:   gammafunk_mikee_crab_dinner, layout_chaotic_city, pf_torpor_hydra,
          grunt_megastairs_5
Lair:4:   layout_small_grid
Lair:5:   layout_roguey, dpeg_slime_entry_enclosed_altar, special_room
          [special_room_bee], chequers_serial_rivers_micro_b,
          beast_lair_carwin_4
Lair:6:   hangedman_lair_caniforms_friends, layout_misc_corridors,
          hangedman_lair_tendril_chambers, uniq_snorg

Skill      XL: |  1  2  3  4  5  6  7  8  9 10 11 12 13 |
---------------+----------------------------------------+-----
Dodging        | 1 2 3 4 5 |  5.3
Invocations    | 1 3 4 5 7 9 11 13 14 15 | 15.0
Axes           | 3 4 5 7 8 10 11 13 14 | 14.2
Fighting       | 4 5 7 |  7.7
Armour         | 4 5 7 |  7.0
Throwing       | 2 |  2.0
Shields        | |  3.6

Action                   |  1- 3 |  4- 6 |  7- 9 | 10-12 | 13-15 || total
-------------------------+-------+-------+-------+-------+-------++-------
Melee: War axe           |    86 |    61 |   246 |   488 |   204 ||  1085
 Fire: Arbalest          |       |       |       |     2 |       ||     2
Invok: Lesser Healing    |       |     2 |     5 |    13 |     7 ||    27
       Heal Other        |       |       |     1 |     7 |    11 ||    19
       Greater Healing   |       |       |       |       |     3 ||     3
 Abil: Dig               |     2 |       |     2 |     8 |     4 ||    16
       Shaft Self        |       |       |     2 |       |       ||     2
Evoke: Wand              |       |       |       |     4 |       ||     4
  Use: Potion            |       |     5 |     2 |     1 |     3 ||    11
       Scroll            |       |       |       |     8 |     1 ||     9
Armor: Scale mail        |    50 |    11 |    41 |       |       ||   102
       Skin              |       |    14 |    20 |       |       ||    34
       Plate armour      |       |       |   109 |   238 |   104 ||   451
       Troll leather arm |       |       |       |       |    26 ||    26
Dodge: Dodged            |    59 |    10 |   116 |   164 |    89 ||   438
Block: Buckler           |    20 |    10 |    68 |    82 |    46 ||   226

Table legend: (Time is in decaauts)
 A = Elapsed time spent in this place.
 B = Non-inter-level travel time spent in this place.
 C = Inter-level travel time spent in this place.
 D = Time resting spent in this place.
 E = Time spent auto-exploring this place.
 F = Levels seen in this place.
 G = Mean time per level.
                   A        B        C        D        E       F      G
               +--------+--------+--------+--------+--------+-----+--------+
         Total |  19382 |  18590 |    792 |   5845 |  10132 |  15 | 1292.1 |
       Dungeon |   9843 |   9146 |    697 |   2096 |   5731 |   8 | 1230.4 |
          Lair |   9210 |   9115 |     95 |   3507 |   4389 |   6 | 1535.0 |
      Ice Cave |    328 |    328 |      0 |    242 |     12 |   1 |  328.0 |
               +--------+--------+--------+--------+--------+-----+--------+

Top non-repeatable levels by time:
  Lair:1: 2743 daAuts
  Lair:5: 1991 daAuts
     D:8: 1719 daAuts
     D:5: 1636 daAuts
  Lair:3: 1627 daAuts
     D:6: 1593 daAuts
     D:3: 1541 daAuts
  Lair:2: 1337 daAuts
     D:4: 1269 daAuts
  Lair:4: 1266 daAuts
     D:7: 891 daAuts
     D:1: 757 daAuts
     D:2: 433 daAuts
   IceCv: 328 daAuts
  Lair:6: 243 daAuts
